 Dungeon Crawl Stone Soup version 0.17-a0-737-gf0a300a (webtiles) character file.

107 Ngotmuk the Covered (level 4, -1/29 HPs)
             Began as a Gargoyle Fighter on Apr 25, 2015.
             Slain by Ngotmuk's ghost (7 damage)
             ... on level 3 of the Dungeon.
             The game lasted 00:04:53 (1666 turns).

Ngotmuk the Covered (Gargoyle Fighter)              Turns: 1666, Time: 00:04:53

Health: -1/29      AC: 15    Str: 20    XL:     4   Next: 86%
Magic:  4/4        EV:  3    Int:  9    God:
Gold:   144        SH:  9    Dex:  9    Spells: 0 memorised, 3 levels left

rFire  . . .     SeeInvis .     a - +0 flail
rCold  . . .     Clarity  .     q - +0 plate armour
rNeg   + . .     SustAb   .     c - +0 shield
rPois  ∞         Gourm    .     (no helmet)
rElec  +         Spirit   .     (no cloak)
rCorr  .         Warding  .     (no gloves)
rMut   .         Stasis   .     (no boots)
MR     .....                    (no amulet)
Stlth  ..........               (no ring)
                                (no ring)

@: not resistant to hostile enchantments, extremely unstealthy
A: negative energy resistance 1, electricity resistance, unbreathing,
petrification resistance, rot immunity, AC +3
a: no special abilities


You were on level 3 of the Dungeon.
You were hungry.

You visited 1 branch of the dungeon, and saw 3 of its levels.

You collected 144 gold pieces.

Inventory:

Hand weapons
 a - a +0 flail (weapon)
Armour
 c - a +0 shield (worn)
 q - a +0 plate armour (worn)
Magical devices
 r - a wand of random effects (13)
Scrolls
 b - a scroll of enchant weapon {unknown}
 f - a scroll of identify {unknown}
 g - a scroll of blinking {unknown}
 i - a scroll of enchant armour {unknown}
 k - 2 scrolls of amnesia {unknown}
 l - 2 scrolls of random uselessness {unknown}
 n - a scroll of teleportation {unknown}
 o - a scroll of immolation {unknown}
Potions
 d - a potion of might
 h - 2 potions of lignification {unknown}
 j - a potion of mutation {unknown}
 p - a potion of curing {unknown}
Comestibles
 e - 2 bread rations
 m - 3 beef jerkies


   Skills:
 + Level 3.9 Fighting
 + Level 3.2 Maces & Flails
 + Level 4.2 Armour
 + Level 3.8 Shields


You had 3 spell levels left.
You didn't know any spells.

Dungeon Overview and Level Annotations

Branches:
Dungeon (3/15)

Altars:
Trog
Xom
Zin

Annotations:
D:3 Ngotmuk's ghost, average DDFi


Innate Abilities, Weirdness & Mutations

You are resistant to torment.
Your stone body is resilient (AC +3).
You are immune to poison.
You resist negative energy.
You are resistant to electric shocks.
You can survive without breathing.
You are immune to petrification.
You are immune to rotting.


Message History

You hit Ngotmuk's ghost but do no damage.
Ngotmuk's ghost is moderately damaged.
Ngotmuk's ghost barely misses you. The adder barely misses you.
Ngotmuk's ghost hits you. The adder bites you but does no damage.
Your shield and plate armour prevent you from hitting Ngotmuk's ghost.
Ngotmuk's ghost is moderately damaged.
You block the adder's attack.
Ngotmuk's ghost hits you but does no damage.
The adder bites you.
* * * LOW HITPOINT WARNING * * *
You sock Ngotmuk's ghost!
Ngotmuk's ghost is heavily damaged.
Ngotmuk's ghost hits you but does no damage.
You block the adder's attack. Ngotmuk's ghost completely misses you.
You sock Ngotmuk's ghost!
Ngotmuk's ghost is heavily damaged.
The adder bites you.
* * * LOW HITPOINT WARNING * * *
The adder bites you but does no damage. Ngotmuk's ghost hits you!
You die...

.# #...# #.##....##.......#####
## #...# #.......##.....÷......
#...# ###.....##<........... ###
#...# #.....##........#...
..####.(.#####.....##........#.#.
.)'................##<.......#.#.
..#############....########..#.#.
..# #....# #..#.#. ..# ##@###
#..#.#. ..# ......SSW# ##.#.#.
..# ......ol# #[ ### ........# #.
.....!..# #. ........ .. .b....#
.. .....# #.#


You could see Ngotmuk's ghost, 2 adders, an orc, a giant gecko and a bat.

Vanquished Creatures
  3 adders
  3 gnolls (D:3)
  A worm (D:3)
  2 giant geckos
  An orc (D:3)
  6 goblins
  7 hobgoblins
  A ball python (D:2)
  7 bats
  5 giant cockroaches
  4 giant newts
  7 kobolds
  2 rats
49 creatures vanquished.

Notes
Turn   | Place    | Note
--------------------------------------------------------------
     0 | D:1      | Ngotmuk, the Gargoyle Fighter, began the quest for the Orb.
     0 | D:1      | Reached XP level 1. HP: 14/14 MP: 1/1
    81 | D:1      | Reached XP level 2. HP: 17/19 MP: 2/2
   627 | D:2      | Reached XP level 3. HP: 23/23 MP: 3/3
   928 | D:2      | Found a glowing silver altar of Zin.
  1209 | D:3      | Reached skill level 4 in Armour
  1209 | D:3      | Reached XP level 4. HP: 27/29 MP: 4/4
  1496 | D:3      | Found a bloodstained altar of Trog.
  1621 | D:3      | Found a shimmering altar of Xom.
  1650 | D:3      | Noticed Ngotmuk's ghost (average DDFi)
  1666 | D:3      | Slain by Ngotmuk's ghost

Action                   |  1- 3 |  4- 6 || total
-------------------------+-------+-------++-------
Melee: Flail             |   119 |    85 ||   204
Evoke: Wand              |       |     3 ||     3
  Eat: Royal jelly       |     1 |       ||     1
